 Dungeon Crawl Stone Soup version 0.25-b1-38-g32f9adbbe0 (webtiles) character file.

Game seed: 8929101456633011830

58 Descartes the Grasshopper (level 3, 0/16 HPs)
             Began as a Felid Warper on June 7, 2020.
             Killed from afar by an orc wizard (8 damage)
             ... with a puff of flame
             ... on level 2 of the Dungeon.
             The game lasted 00:04:14 (2349 turns).

Descartes the Grasshopper (Felid Warper)            Turns: 2349, Time: 00:04:14

Health: 0/16       AC:  1    Str:  8    XL:     3   Next: 76%
Magic:  6/7        EV: 19    Int: 14    God:
Gold:   64         SH:  0    Dex: 15    Spells: 1/6 levels left
                                        Lives:  0   Deaths: 0

rFire    . . .     SeeInvis +     - Unarmed
rCold    . . .     Gourm    .   (shield unavailable)
rNeg     . . .     Faith    .   (armour unavailable)
rPois    .         Spirit   .   (helmet unavailable)
rElec    .         Reflect  .   (cloak unavailable)
rCorr    .         Harm     .   (gloves unavailable)
MR       .....                  (boots unavailable)
Stlth    +++.......             (no amulet)
HPRegen  0.05/turn              (no ring)
MPRegen  0.10/turn              (no ring)

@: shrouded (expiring), quick
A: very small, no armour, no weapons or thrown items, stealth, claws 1, fangs 3,
see invisible, carnivore, speed 1, shaggy fur 1, slow metabolism 1, sharp paws
a: no special abilities


You were on level 2 of the Dungeon.
You were completely stuffed.

You visited 1 branch of the dungeon, and saw 3 of its levels.

You collected 64 gold pieces.

Inventory:

Missiles
 d - 121 stones
 f - 50 arrows
Wands
 o - a wand of acid (6)
Scrolls
 b - a scroll of blinking
 h - 2 scrolls of identify {unknown}
 j - a scroll of magic mapping {unknown}
 k - 2 scrolls of teleportation {unknown}
 m - 2 scrolls of remove curse {unknown}
 n - 2 scrolls of noise {unknown}
Potions
 a - a potion of ambrosia {unknown}
 e - 2 potions of heal wounds {unknown}
 g - a potion of cancellation {unknown}
 l - 2 potions of lignification {unknown}
Comestibles
 c - 4 rations
 i - 2 chunks of flesh


   Skills:
 + Level 2.2 Fighting
 + Level 3.6 Dodging
 * Level 2.8 Stealth
 * Level 2.6 Unarmed Combat
 + Level 2.2 Spellcasting
 + Level 0.1 Conjurations
 + Level 0.4 Charms
 - Level 4.4 Translocations


You had one spell level left.
You knew the following spells:

 Your Spells              Type           Power        Failure   Level  Hunger
a - Blink                 Tloc           N/A          6%          2    ###....
b - Shroud of Golubria    Chrm/Tloc      #.....       13%         2    ###....
c - Magic Dart            Conj           #...         22%         1    #......

Your spell library contained the following spells:

 Spells                   Type           Power        Failure   Level  Hunger
 Gell's Gravitas          Tloc           ##........   12%         3    ###....
 Lesser Beckoning         Tloc           ##........   12%         3    ###....
 Teleport Other           Tloc           ##......     12%         3    ###....
 Call Imp                 Summ           #.......     34%         2    ###....
 Slow                     Hex            #.......     34%         2    ###....
 Passage of Golubria      Tloc           N/A          36%         4    #####..
 Conjure Flame            Conj/Fire      #.......     56%         3    ###....
 Mephitic Cloud           Conj/Pois/Air  #.......     56%         3    ###....


Dungeon Overview and Level Annotations

Branches:
Dungeon (3/15)

Altars:
Xom


Innate Abilities, Weirdness & Mutations

You cannot wear armour.
You are incapable of wielding weapons or throwing items.
Your paws allow you to move quietly. (Stealth)
You have sharp claws.
You have razor-sharp teeth.
You have supernaturally acute eyesight. (SInv)
You are carnivorous and can eat meat at any time.
You cover ground quickly.
You are covered in fur. (AC +1)
You have a slow metabolism.
Your sharp claws are effective at attacking unaware monsters.


Message History

The orc wizard is moderately wounded.
Your shroud begins to fray at the edges.
The orc wizard misses you.
The orc wizard casts a cantrip, but nothing happens.
You scratch the orc wizard but do no damage.
Your bite misses the orc wizard.
The orc wizard is moderately wounded.
The orc wizard completely misses you.
You closely miss the orc wizard.
The orc wizard is moderately wounded.
The orc wizard barely misses you. x2
You closely miss the orc wizard.
The orc wizard is moderately wounded.
The orc wizard closely misses you.
You scratch the orc wizard but do no damage.
The orc wizard is moderately wounded.
The orc wizard gestures at you while chanting.
The puff of flame hits you!
Ouch! That really hurt!
You die...

# #.....###.## #.## # #..####
#..# #..# #
#..#######.#######.#
##########..............# #.#
.........#.#########.##.###.#
########.#.......# #.##.##..#
#.#######.# #.##.##.## #.#
#.# #.##.##.# #.# #@#
#..#.##.# #.# #o# ##.#....#
#.# #.# #..###.# #.# ##.#
##.# #.# #.# #..# #.# #.##
#.# #.######.###..#
########.# #.##..........#
.........# #.##.###..###.#
##.####### #.##.# ##.##..#


You could see an orc wizard (fast).

Vanquished Creatures
  2 adders (D:2)
  A dart slug (D:1)
  5 leopard geckos
  2 bats
  2 giant cockroaches (D:2)
  5 goblins
  A hobgoblin (D:1)
  5 frilled lizards (D:2)
  6 kobolds
  4 rats
33 creatures vanquished.

Notes
Turn   | Place    | Note
-------+----------+-------------------------------------------
     0 | D:1      | Descartes the Felid Warper began the quest for the Orb.
     0 | D:1      | Reached XP level 1. HP: 9/9 MP: 4/4
   549 | D:1      | Reached skill level 1 in Stealth
   676 | D:1      | Reached XP level 2. HP: 7/13 MP: 6/6
  1519 | D:1      | Learned a level 2 spell: Blink
  1522 | D:1      | Learned a level 2 spell: Shroud of Golubria
  1531 | D:2      | Reached XP level 3. HP: 16/16 MP: 4/7
  1654 | D:2      | Learned a level 1 spell: Magic Dart
  1857 | D:2      | Found a shimmering altar of Xom.
  2349 | D:2      | Killed from afar by an orc wizard

Illustrated notes

Levels and vault maps discovered:
D:1:      noname_arrival_rooms_in_the_neighbourhood, layout_loops_corners
D:2:      layout_loops_ring, lemuel_doored_altar, minmay_misc_feat_chi,
          minmay_misc_feat_cross, minmay_tromino_i4
D:3:      layout_loops_ring, fedhas_altar_4

Skill      XL: |  1  2 |
---------------+-------+-----
Stealth        | 1 2 |  2.8
Fighting       | |  2.2
Dodging        | |  3.6
Unarmed Combat | |  2.6
Spellcasting   | |  2.2
Conjurations   | |  0.1
Charms         | |  0.4
Translocations | |  4.4

Action                   || total
-------------------------++-------
Melee: Unarmed           ||   101
       Bite              ||    11
       Punch             ||     1
 Cast: Shroud of Golubri ||     6
 Stab: Sleeping          ||    11
  Eat: Chunk             ||    10
Armor: Skin              ||     1
Dodge: Dodged            ||    67
